 Dungeon Crawl Stone Soup version 0.28-a0-726-g4a9143789a (webtiles) character file.

Game seed: 17163060962990941502

101 siradein the Insei (level 4, -5/33 HPs)
             Began as a Demonspawn Transmuter on Oct 28, 2021.
             Killed from afar by Natasha (8 damage)
             ... with a magic dart
             ... on level 2 of the Dungeon.
             The game lasted 00:11:42 (3107 turns).

siradein the Insei (Demonspawn Transmuter)          Turns: 3107, Time: 00:11:43

Health: -5/33      AC:  3    Str: 10    XL:     4   Next: 48%
Magic:  7/7        EV: 12    Int: 16    God:
Gold:   66         SH:  0    Dex: 13    Spells: 2/8 levels left

rFire   . . .      SeeInvis .     - Unarmed
rCold   . . .      Faith    .   (no shield)
rNeg    . . .      Spirit   .   h - +0 leather armour
rPois   .          Reflect  .   (helmet restricted)
rElec   .          Harm     .   (no cloak)
rCorr   .          Rampage  .   (no gloves)
Will    .....                   (no boots)
Stlth   +.........              (no amulet)
HPRegen 0.11/turn               (no ring)
MPRegen 0.10/turn               (no ring)

@: slowed, very slow
A: horns 1, demonic guardian 1
a: no special abilities


You were on level 2 of the Dungeon.
You visited 1 branch of the dungeon, and saw 4 of its levels.

You collected 66 gold pieces.

Inventory:

Missiles
 n - 6 curare-tipped darts
Armour
 h - a +0 leather armour (worn)
Scrolls
 b - a scroll of amnesia {unknown}
 c - a scroll of summoning {unknown}
 d - a scroll of enchant weapon {unknown}
 f - 2 scrolls of teleportation {unknown}
 j - 2 scrolls of fear
 k - a scroll of enchant armour {unknown}
Potions
 a - a potion of brilliance
 e - a potion of flight
 g - a potion of might {unknown}
 i - a potion of mutation {unknown}
 m - a potion of curing {unknown}


   Skills:
 + Level 2.0 Fighting
 + Level 2.4 Dodging
 + Level 3.2 Unarmed Combat
 + Level 2.6 Spellcasting
 + Level 2.4 Transmutations


You had 2 spell levels left.
You knew the following spells:

 Your Spells              Type           Power      Damage    Failure   Level
a - Beastly Appendage     Tmut           20%        N/A       10%         1
b - Wereblood             Tmut           10%        N/A       14%         2
c - Spider Form           Tmut/Pois      3%         N/A       43%         3

Your spell library contained the following spells:

 Spells                   Type           Power      Damage    Failure   Level
 Static Discharge         Conj/Air       2%         N/A       38%         2
 Ice Form                 Ice/Tmut       6%         N/A       85%         4
 Dispel Undead            Necr           2%         3d7       95%         4
 Sticky Flame             Conj/Fire      2%         2d3       95%         4


Dungeon Overview and Level Annotations

Branches:
Dungeon (4/15)
 Temple: D:4-7

Altars:
The Shining One

Annotations:
D:2 Natasha


Innate Abilities, Weirdness & Mutations

You have a pair of small horns on your head.
A weak demonic guardian rushes to your aid.


Message History

There is a stone staircase leading down here.
Casting: Beastly Appendage (safe; 10% risk of failure)
Press: ? - help, Q - select action, (/) - cycle Dir - look around, f - activate Your feet morph into talons.
Natasha claws you.
You closely miss Natasha. Natasha claws you.
You closely miss Natasha. You headbutt Natasha.
Natasha is lightly wounded.
Natasha casts a spell at you. The magic dart hits you!
A demonic guardian appears!
Natasha claws you.
* * * LOW HITPOINT WARNING * * *
You swap places.
Your transformation is almost over.
Natasha closely misses you.
You barely miss Natasha. You headbutt Natasha, but do no damage.
Natasha is lightly wounded.
Natasha completely misses you.
Your iron imp hits Natasha.
Your iron imp hits Natasha but does no damage.
There is a stone staircase leading up here.
You hit Natasha but do no damage.
Natasha is moderately wounded.
Natasha claws you.
* * * LOW HITPOINT WARNING * * *
A demonic guardian appears!
Natasha stares at you and mumbles some strange words.
You feel yourself slow down.
You swap places.
Natasha claws your iron imp!
Your iron imp closely misses Natasha.
Natasha completely misses your iron imp.
Your iron imp hits Natasha!
Your iron imp misses Natasha.
Natasha claws your iron imp!
Your iron imp dies!
Your iron imp disappears in a puff of smoke!
Natasha hisses angrily.
Your talons disappear.
Natasha stares at you and mumbles some strange words.
The magic dart hits you!
You die...

...#####.##.##################..#
...# #.##..[..................#
#### ###.############..........##
#.....# #.########## ######.#.#.#
#.# ...........## #.#
######.#....## ### #.#
#....>#.###.## #.#
##.........@.###.#
#....#.#ยง....##.# ###
###...#h5.....#.# #..
##..........<.##### #.#
####.......#.....#####.#
##...................
##...###...........#
##..^...###.####### ########
#.#####..


You could see Natasha (ally target) and a friendly iron imp (summoned).

Vanquished Creatures
  2 adders (D:2)
  A dart slug (D:2)
  7 endoplasms
  3 giant cockroaches
  4 hobgoblins
  14 jackals
  6 quokkas
  12 ball pythons
  6 bats
  3 frilled lizards
  3 goblins
  5 kobolds
  6 rats
72 creatures vanquished.

Notes
Turn   | Place    | Note
-------+----------+-------------------------------------------
     0 | D:1      | siradein the Demonspawn Transmuter began the quest for the
                  | Orb.
     0 | D:1      | Reached XP level 1. HP: 15/15 MP: 3/3
     1 | D:1      | Noticed an electric eel
   216 | D:1      | Gained mutation: A weak demonic guardian rushes to your
                  | aid. [demonic ancestry]
   216 | D:1      | Reached XP level 2. HP: 19/21 MP: 3/5
   269 | D:1      | Learned a level 2 spell: Wereblood
  1104 | D:1      | Mutation became permanent: You have a pair of small horns
                  | on your head. [demonic ancestry]
  1104 | D:1      | Gained mutation: You have a pair of horns on your head.
                  | [demonic ancestry]
  1104 | D:1      | Reached XP level 3. HP: 26/26 MP: 3/6
  1208 | D:1      | Reached skill level 3 in Unarmed Combat
  1680 | D:2      | You fall into a shaft and drop 2 floors!
  2323 | D:2      | Reached XP level 4. HP: 26/33 MP: 4/7
  2407 | D:2      | Learned a level 3 spell: Spider Form
  3080 | D:3      | Noticed Natasha
  3107 | D:2      | Killed from afar by Natasha

Illustrated notes

Levels and vault maps discovered:
D:1:      arrival_aquarium_a, layout_basic, minivault_26
D:2:      layout_loops_ring, basic_altar, moated_statue
D:3:      layout_loops_cross, dk_noncrumbling_3, uniq_natasha,
          uniq_crazy_yiuf_cottage
D:4:      layout_loops_ring, uniq_edmund

Skill      XL: |  1  2  3  4 |
---------------+-------------+-----
Dodging        | 2 |  2.4
Transmutations | 2 |  2.4
Unarmed Combat | 3 |  3.2
Fighting       | 2 |  2.0
Spellcasting   | |  2.6

Action                   |  1- 3 |  4- 6 || total
-------------------------+-------+-------++-------
Melee: Unarmed           |   174 |    60 ||   234
       Headbutt          |    21 |    12 ||    33
       Kick              |    20 |     7 ||    27
       Punch             |     2 |     1 ||     3
 Cast: Beastly Appendage |    24 |     6 ||    30
       Wereblood         |     2 |       ||     2
  Use: Scroll            |       |     3 ||     3
 Stab: Sleeping          |     1 |     1 ||     2
Armor: Robe              |    15 |       ||    15
       Leather armour    |    14 |    10 ||    24
Dodge: Dodged            |   107 |    39 ||   146

Table legend: (Time is in decaauts)
 A = Elapsed time spent in this place.
 B = Non-inter-level travel time spent in this place.
 C = Inter-level travel time spent in this place.
 D = Time resting spent in this place.
 E = Time spent auto-exploring this place.
 F = Levels seen in this place.
 G = Mean time per level.
                   A        B        C        D        E       F      G
               +--------+--------+--------+--------+--------+-----+--------+
         Total |   3097 |   3048 |     49 |     37 |   2397 |   4 |  774.2 |
       Dungeon |   3097 |   3048 |     49 |     37 |   2397 |   4 |  774.2 |
               +--------+--------+--------+--------+--------+-----+--------+

Top non-repeatable levels by time:
     D:2: 1540 daAuts
     D:1: 1404 daAuts
     D:3: 148 daAuts
     D:4: 4 daAuts
